Map: Terraform LE (Void)

Players

True - Winner!

  • Race: Zerg Zerg
  • League: Master

Welmu

  • Race: Protoss Protoss
  • League: Diamond

Event: Team Gravity's Fight Night #37

VOD

https://youtu.be/vqxaqRRcFTA?t=24m31s

Description

Time

  • Played on: Oct. 31, 2015, 5:48 p.m.
  • Length: 9:08

All games in this series

Show
View Real Time Build Order
Export as new Build Order

True Zerg - Winner!

Build Orders: Hatch First 

Get SALT Encoding   

  12  0:00  Drone  
  13  0:12  Overlord  
  13  0:18  Drone  
  14  0:30  Drone x2  
  14  0:35  Drone  
  17  0:52  Hatchery  
  17  0:55  Drone  
  17  0:58  Drone  
  18  1:16  Spawning Pool  
  18  1:17  Drone  
  18  1:18  Drone  
  19  1:51  Overlord  
  19  2:03  Zergling x2  
  19  2:04  Zergling x4  
  19  2:06  Zergling x2  
  23  2:14  Zergling x2  
  24  2:16  Zergling x2  
  22  2:27  Zergling x4  
  23  2:33  Queen  
  25  2:39  Zergling x4  
  27  2:47  Drone x2  
  26  2:57  Drone x2  
  26  3:14  Hatchery  
  26  3:17  Drone  
  27  3:20  Drone  
  27  3:22  Drone  
  27  3:25  Drone  
  29  3:30  Drone  
  29  3:33  Drone  
  31  3:39  Queen  
  33  3:44  Overlord  
  33  3:46  Drone  
  34  3:49  Drone  
  35  4:01  Queen  
  35  4:02  Drone  
  38  4:03  Drone x2  
  38  4:05  Drone  
  38  4:07  Drone  
  42  4:12  Drone  
  43  4:20  Overlord  
  43  4:25  Queen  
  43  4:27  Drone  
  43  4:28  Drone x2  
  48  4:38  Queen  
  50  4:39  Extractor  
  50  4:41  Drone x2, Extractor  
  50  4:42  Drone, Extractor  
  50  4:45  Overlord  
  50  4:48  Overlord  
  50  4:53  Overlord  
  50  5:00  Overlord  
  50  5:04  Drone x2  
  50  5:06  Drone  
  50  5:07  Drone x4  
  57  5:11  Drone x2  
  59  5:14  Drone  
  59  5:20  Drone x2  
  59  5:21  Drone x2  
  64  5:23  Roach Warren  
  64  5:24  Lair  
  64  5:26  Drone  
  64  5:29  Drone x2  
  64  5:30  Drone  
  64  5:34  Metabolic Boost  
  67  5:43  Overlord x3  
  67  6:06  Roach x10  
  67  6:08  Zergling x4  
  67  6:09  Zergling x2  
  90  6:13  Zergling x2  
  90  6:14  Zergling x2  
  92  6:20  Overlord  
  92  6:21  Zergling x2  
  92  6:23  Overlord, Zergling x4  
  92  6:24  Zergling x2  
  92  6:25  Zergling x8  
  100  6:29  Overlord  
  100  6:30  Zergling x2  
  100  6:32  Zergling x2  
  102  6:37  Overseer  
  102  6:39  Zergling x4  
  104  6:42  Zergling x2  
  104  6:44  Hatchery  
  104  6:53  Ravager x4  
  106  6:55  Hatchery  
  106  6:59  Drone x2  
  106  7:08  Overlord  
  106  7:10  Roach x7  
  106  7:11  Roach  
  121  7:19  Overlord x2  
  121  7:20  Roach x2  
  121  7:21  Roach  
  127  7:27  Roach  
  129  7:30  Roach x2  
  129  7:34  Roach  
  129  7:36  Roach  
  137  7:41  Roach  
  137  7:42  Zergling x14  
  146  7:45  Roach  
  146  7:50  Spine Crawler x2  
  146  7:51  Roach  
  146  7:52  Spine Crawler  
  146  7:53  Spine Crawler, Roach  
  146  7:54  Spine Crawler  
  146  7:55  Roach  
  146  7:57  Roach  
  152  8:01  Roach  
  152  8:02  Roach  
  152  8:04  Roach  
  157  8:07  Roach  
  157  8:11  Spine Crawler  
  159  8:24  Overlord  
  159  8:25  Overlord x2, Zergling x2  
  160  8:28  Overlord  
  159  8:41  Roach x2  
  158  8:42  Roach  
  158  8:43  Roach  
  158  8:44  Roach  
  158  8:45  Roach x2  
  158  8:46  Roach  
  158  8:47  Roach  
  154  8:49  Roach x2  
Show
View Real Time Build Order
Export as new Build Order

Welmu Protoss 

Build Orders: Cannon Rush, Zealot Archon 

Get SALT Encoding   

  12  0:01  Probe (Chrono Boost)  
  13  0:11  Probe (Chrono Boost)  
  14  0:18  Pylon  
  14  0:23  Probe (Chrono Boost)  
  15  0:36  Probe (Chrono Boost)  
  15  0:40  Forge  
  16  0:47  Probe (Chrono Boost)  
  17  0:57  Probe (Chrono Boost)  
  18  1:07  Pylon  
  18  1:08  Probe (Chrono Boost)  
  19  1:28  Photon Cannon  
  19  1:32  Photon Cannon  
  19  1:35  Photon Cannon  
  19  1:36  Photon Cannon  
  19  1:45  Photon Cannon  
  19  1:48  Photon Cannon  
  19  1:56  Photon Cannon  
  18  2:08  Nexus  
  18  2:15  Gateway  
  18  2:24  Photon Cannon  
  18  2:27  Probe (Chrono Boost)  
  19  2:38  Probe (Chrono Boost)  
  19  2:43  Assimilator  
  20  2:44  Assimilator  
  20  2:49  Probe (Chrono Boost)  
  20  2:59  Probe (Chrono Boost)  
  20  3:05  Cybernetics Core  
  21  3:07  Pylon  
  21  3:10  Probe (Chrono Boost)  
  22  3:21  Probe (Chrono Boost)  
  22  3:22  Probe (Chrono Boost)  
  22  3:24  Zealot  
  26  3:32  Probe x2 (Chrono Boost)  
  28  3:42  Probe (Chrono Boost), Warp Gate  
  28  3:44  Mothership Core (Chrono Boost)  
  31  3:53  Probe (Chrono Boost)  
  31  3:55  Stalker (Chrono Boost)  
  34  4:02  Probe (Chrono Boost)  
  35  4:04  Probe (Chrono Boost), Pylon  
  36  4:13  Probe x2 (Chrono Boost)  
  36  4:15  Protoss Ground Weapons Level 1  
  37  4:24  Probe x2 (Chrono Boost)  
  37  4:26  Sentry (Chrono Boost)  
  41  4:35  Probe x2 (Chrono Boost)  
  43  4:38  Assimilator  
  43  4:40  Assimilator  
  43  4:46  Probe x2 (Chrono Boost)  
  43  4:50  Robotics Facility  
  45  4:54  Pylon  
  45  4:56  Probe x2 (Chrono Boost)  
  48  5:07  Probe x2 (Chrono Boost)  
  49  5:15  Twilight Council  
  49  5:17  Probe (Chrono Boost)  
  49  5:18  Probe (Chrono Boost)  
  51  5:21  Pylon  
  51  5:27  Gateway x2  
  51  5:28  Probe (Chrono Boost)  
  52  5:29  Gateway  
  52  5:33  Probe (Chrono Boost)  
  53  5:38  Warp Prism (Chrono Boost)  
  55  5:48  Gateway  
  55  5:51  Gateway  
  55  5:54  Charge (Chrono Boost)  
  55  6:01  Templar Archives  
  55  6:07  Pylon  
  55  6:11  Zealot  
  57  6:25  Pylon  
  57  6:26  Pylon  
  57  6:31  Adept  
  57  6:32  Adept x3  
  65  6:56  Sentry x2, Stalker x2  
  73  7:06  Gateway  
  73  7:07  Gateway  
  73  7:08  Gateway  
  73  7:09  Gateway, Zealot x2  
  77  7:20  High Templar x2  
  77  7:21  High Templar x2  
  85  7:28  Pylon  
  85  7:30  Pylon  
  85  7:31  Pylon  
  85  7:33  Pylon  
  85  7:38  Archon x2  
  85  7:40  Zealot x2  
  90  7:44  Observer  
  90  7:59  Zealot x4  
  90  8:02  Zealot x2  
  102  8:21  High Templar x4  
  102  8:22  Zealot x5  
  102  8:23  Zealot  
  102  8:26  Archon x2  
  118  8:43  Zealot x3  
  118  8:44  Zealot x3  

Tags
 
Add a new tag
Caveats
  • Supply blocks, unpowered buildings, or Contaminate may cause inaccurate times.
  • Supply counts are checked every 10 seconds.